AoeStats
← jcdmf0312

Arena

510101232Analyzed
4v4 RM · 2d ago on Sep 29, 2026· 63m 18s· 8 players
Game mode
Random Map
Map size
Large (8 player)
Population
200
Speed
Normal
Resources
Standard
Victory
Conquest
Starting age
Dark Age
Ending age
Imperial Age
RankedLock teamsTeams togetherTeam positionsShared explorationLock speedFull tech treeHidden civsTurbo modeCheats
Victory
Defeat
🇫🇷 Japanese · France
789
+14
🇦🇷 Persians · Argentina
761
+15
🇹🇷 Turks · Türkiye
691
+18
🇩🇪 Romans · Germany
675
+20
🇸🇦 Burmese · Saudi Arabia
745
-17
🇨🇳 Persians · China
740
-17
🇨🇳 Mongols · China
740
-17
🇲🇽 Khmer · Mexico
732
-16
怎么就违规了
9:57 Feudal Age
9:24 Loom
11:31 Double-Bit Axe
17:02 Castle Age
19:33 Horse Collar
20:06 Bow Saw
23:19 Wheelbarrow
24:24 Fletching
24:44 Forging
26:52 Ballistics
26:41 Town Watch
27:51 Padded Archer Armor
28:00 Husbandry
28:25 Heavy Plow
29:08 Bodkin Arrow
30:44 Town Patrol
31:02 Hand Cart
31:05 Fortified Wall
31:24 Bloodlines
30:57 Light Cavalry
32:14 Gold Mining
32:18 Stone Mining
34:57 Leather Archer Armor
34:48 Scale Barding Armor
35:18 Iron Casting
34:50 Murder Holes
35:05 Thumb Ring
38:58 Imperial Age
37:44 Gold Shaft Mining
37:50 Chain Barding Armor
39:03 Nomads
40:07 Parthian Tactics
39:04 Heavy Cavalry Archer
39:47 Bracer
40:47 Blast Furnace
40:51 Chemistry
39:45 Stone Mining
43:05 Conscription
42:57 Hussar
46:19 Hoardings
47:04 Blast Furnace
Silver
0:30 Loom
9:54 Feudal Age
10:29 Double-Bit Axe
10:34 Horse Collar
12:04 Wheelbarrow
14:58 Gold Mining
19:07 Castle Age
17:36 Stone Mining
20:54 Hand Cart
21:23 Stone Shaft Mining
21:27 Gold Shaft Mining
21:06 Bow Saw
29:44 Imperial Age
29:49 Elite Ballista Elephant
30:24 Arson
32:02 Chemistry
31:00 Murder Holes
31:38 Forging
31:34 Scale Barding Armor
32:59 Ballistics
32:42 Double Crossbow
32:07 Pikeman
33:50 Conscription
33:15 Heavy Scorpion
35:27 Heavy Plow
36:41 Crop Rotation
36:31 Husbandry
36:42 Bloodlines
35:53 Light Cavalry
35:54 Elite Battle Elephant
37:15 Iron Casting
37:02 Chain Barding Armor
37:22 Scale Mail Armor
37:41 Siege Engineers
38:30 Caravan
39:26 Elite Skirmisher
40:49 Plate Barding Armor
41:15 Blast Furnace
44:12 Chain Mail Armor
43:48 Fletching
43:59 Padded Archer Armor
46:16 Capped Ram
47:47 Leather Archer Armor
47:29 Bodkin Arrow
54:14 Bracer
54:44 Ring Archer Armor
55:33 Hussar
56:44 Hussar
xTc
11:13 Feudal Age
13:43 Horse Collar
16:21 Castle Age
17:22 Gold Mining
25:52 Fletching
25:42 Pikeman
26:24 Squires
28:02 Wheelbarrow
29:15 Gold Shaft Mining
30:35 Ballistics
30:49 Stone Mining
33:22 Bodkin Arrow
33:28 Padded Archer Armor
33:38 Forging
33:30 Scale Mail Armor
36:58 Imperial Age
39:04 Chemistry
38:09 Bracer
38:45 Iron Casting
38:26 Chain Mail Armor
42:30 Blast Furnace
42:00 Plate Mail Armor
41:36 Scale Barding Armor
42:39 Halberdier
42:54 Elite Battle Elephant
47:44 Parthian Tactics
52:29 Bloodlines
52:22 Husbandry
52:12 Light Cavalry
54:22 Manipur Cavalry
54:49 Hussar
56:11 Caravan
56:41 Coinage
56:22 Guilds
SoC
6:30 Loom
10:04 Feudal Age
10:23 Double-Bit Axe
10:19 Horse Collar
18:24 Castle Age
16:42 Gold Mining
17:09 Stone Mining
19:09 Bow Saw
19:01 Heavy Plow
23:19 Wheelbarrow
22:30 Town Watch
24:14 Gold Shaft Mining
24:17 Stone Shaft Mining
26:05 Hand Cart
31:33 Town Patrol
34:56 Imperial Age
33:00 Fletching
33:20 Scale Barding Armor
33:45 Ballistics
33:14 Crossbowman
34:04 Thumb Ring
35:38 Conscription
35:38 Citadels
35:30 Bodkin Arrow
36:40 Chemistry
36:57 Crop Rotation
37:35 Two-Man Saw
37:35 Squires
36:55 Pikeman
38:08 Kamandaran
39:57 Hoardings
39:25 Padded Archer Armor
39:51 Forging
39:41 Scale Mail Armor
39:54 Halberdier
41:09 Masonry
41:17 Leather Archer Armor
50:43 Iron Casting
50:23 Chain Mail Armor
51:13 Elite War Elephant
54:52 Chain Barding Armor
58:30 Plate Mail Armor
58:39 Plate Barding Armor
59:05 Blast Furnace
58:41 Ring Archer Armor
DuaLipaFanboy59
11:05 Feudal Age
15:58 Castle Age
13:55 Double-Bit Axe
15:45 Man-at-Arms
16:47 Long Swordsman
22:44 Bow Saw
24:25 Horse Collar
25:00 Squires
25:20 Forging
27:06 Scale Mail Armor
30:24 Imperial Age
28:25 Pikeman
28:51 Gambesons
29:10 Scale Mail Armor
30:47 Two-Handed Swordsman
31:55 Elite Skirmisher
33:15 Arson
34:23 Thumb Ring
34:38 Chain Mail Armor
34:14 Fletching
35:06 Halberdier
37:32 Onager
39:29 Two-Man Saw
39:36 Plate Mail Armor
39:54 Iron Casting
39:41 Elite Samurai
42:17 Champion
44:29 Caravan
46:37 Blast Furnace
49:51 Bodkin Arrow
49:56 Padded Archer Armor
51:00 Capped Ram
58:38 Leather Archer Armor
58:24 Bracer
59:47 Heavy Plow
EK-RockyHunter12
0:43 Loom
12:44 Feudal Age
17:58 Castle Age
16:40 Wheelbarrow
17:50 Horse Collar
18:35 Town Watch
18:54 Heavy Plow
20:28 Hand Cart
20:50 Town Patrol
21:18 Gold Mining
23:23 Double-Bit Axe
24:24 Caravan
29:39 Bow Saw
29:24 Gold Mining
29:24 Stone Mining
30:03 Scale Barding Armor
30:09 Forging
29:59 Scale Mail Armor
29:39 Man-at-Arms
30:20 Squires
31:33 Fervor
34:48 Imperial Age
32:46 Chain Barding Armor
33:11 Long Swordsman
33:14 Pikeman
36:50 Chemistry
36:11 Ballistics
35:47 Murder Holes
36:03 Fortified Wall
36:31 Plate Barding Armor
36:12 Chain Mail Armor
36:32 Iron Casting
35:48 Fletching
35:59 Padded Archer Armor
36:38 Legionary
38:24 Elite Centurion
40:26 Conscription
41:39 Heavy Scorpion
44:37 Comitatenses
44:24 Ballistas
49:23 Halberdier
63:34 Blast Furnace
bigame
10:30 Feudal Age
19:12 Castle Age
19:35 Double-Bit Axe
19:35 Horse Collar
31:52 Imperial Age
29:59 Wheelbarrow
29:41 Bow Saw
29:56 Heavy Plow
29:51 Gold Mining
29:58 Stone Mining
31:35 Hand Cart
32:11 Gold Shaft Mining
32:27 Ballistics
33:16 Elite Janissary
34:18 Conscription
35:18 Two-Man Saw
38:27 Forging
38:08 Fletching
38:19 Scale Mail Armor
38:20 Padded Archer Armor
38:26 Scale Barding Armor
40:14 Iron Casting
39:34 Bodkin Arrow
44:38 Husbandry
44:49 Bloodlines
46:01 Blast Furnace
45:27 Chain Mail Armor
53:02 Plate Mail Armor
52:53 Chain Barding Armor
54:21 Leather Archer Armor
jcdmf0312
0:30 Loom
10:34 Feudal Age
13:42 Double-Bit Axe
20:42 Castle Age
23:02 Bow Saw
22:50 Fletching
23:13 Forging
26:06 Bloodlines
25:57 Husbandry
27:08 Elite Skirmisher
27:55 Thumb Ring
27:59 Gold Mining
28:00 Stone Mining
34:32 Imperial Age
32:40 Wheelbarrow
32:55 Town Watch
33:53 Ballistics
33:44 Masonry
34:29 Cavalier
36:37 Chemistry
37:09 Hand Cart
36:55 Town Patrol
37:36 Gold Shaft Mining
36:47 Horse Collar
38:31 Scale Barding Armor
39:02 Iron Casting
40:09 Two-Man Saw
40:21 Chain Barding Armor
39:57 Bodkin Arrow
40:03 Padded Archer Armor
45:51 Savar
50:42 Conscription
50:24 Kamandaran
52:07 Leather Archer Armor
52:34 Heavy Plow
53:42 Plate Barding Armor
54:35 Guilds
55:54 Capped Ram
57:32 Siege Ram
62:28 Blast Furnace
63:29 Architecture
63:02 Scale Mail Armor
Connection lost

Rejoining the realm…

Still unreachable

The connection could not be restored.

Session expired

The server has moved on; the page needs a fresh start.